[Event "December 5 Late 2023"]
[Site "https://www.chess.com"]
[Date "2023.12.05"]
[Round "1"]
[White "Alexandre, Anne Shopie Elizabeth"]
[Black "Topalov, Aleksandar"]
[Result "1-0"]
[Board "47"]
[TimeControl "180+1"]
[WhiteFideId "11902418"]
[BlackFideId "925659"]
[WhiteElo "2872"]
[BlackElo "2440"]
[WhiteTeam "HAI"]
[BlackTeam "SRB"]
[WhiteClock "0:01:59"]
[BlackClock "0:00:00"]

1. e4 e6 2. d3 d5 3. Nf3 c5 4. Nbd2 Nc6 5. g3 Nf6 6. Bg2 Be7 7. Qe2 O-O 8. O-O b5 9. Re1 a5 10. e5 Nd7 11. h4 b4 12. Nf1 Ba6 13. h5 c4 14. h6 g6 15. d4 c3 16. Qd1 cxb2 17. Bxb2 Nb6 18. N1h2 Na4 19. Bc1 Nc3 20. Qd2 Rc8 21. Ng4 Ne4 22. Qf4 Na7 23. Ne3 Nb5 24. Bf1 Rc6 25. Bd3 Nbc3 26. Ng4 Bc4 27. Kg2 Re8 28. a3 Qb6 29. axb4 axb4 30. Re3 b3 31. cxb3 Qxb3 32. Bxc4 Qxc4 33. Ra7 Rc7 34. Rxc7 Qxc7 35. Re1 Nb5 36. Be3 Qd8 37. Ngh2 g5 38. Qg4 Kh8 39. Qh5 Rf8 40. Ng4 Nbc3 41. Ra1 Qe8 42. Nxg5 Bxg5 43. Bxg5 Rg8 44. Nf6 1-0

[Event "December 5 Late 2023"]
[Site "https://www.chess.com"]
[Date "2023.12.05"]
[Round "1"]
[White "Goncalves, Davi Sulzbacher"]
[Black "Hong, Andrew"]
[Result "0-1"]
[Board "48"]
[TimeControl "180+1"]
[WhiteFideId "2154510"]
[BlackFideId "2099438"]
[WhiteElo "2439"]
[BlackElo "2868"]
[WhiteTeam "BRA"]
[BlackTeam "USA"]
[WhiteClock "0:00:01"]
[BlackClock "0:00:05"]

1. d4 Nf6 2. c4 Nc6 3. Nc3 e5 4. d5 Ne7 5. g3 d6 6. Bg2 Ng6 7. h4 h5 8. Bg5 Be7 9. Nf3 Ng4 10. Bd2 f5 11. Ng5 e4 12. f3 exf3 13. exf3 N4e5 14. Qe2 O-O 15. O-O-O Re8 16. Bh3 Bf6 17. Ne6 Rxe6 18. dxe6 Bxe6 19. f4 Bxc4 20. Qxh5 Nd3+ 21. Kb1 Ne7 22. Bxf5 Nxf5 23. Qxf5 Nf2 24. Be3 Nxh1 25. Rxh1 Qe8 26. Re1 Qc6 27. Bd2 Qf3 28. Re3 Qf1+ 29. Kc2 Rf8 30. Qe4 Bf7 31. g4 Bxh4 32. g5 Re8 33. Qd4 Bg6+ 34. Kb3 Rxe3 35. Qxe3 Qa6 36. Qd4 c5 37. Qc4+ Bf7 38. Nd5 b5 39. Ne7+ Kf8 40. Ng6+ Bxg6 41. Qd3 Qa4+ 0-1

[Event "December 5 Late 2023"]
[Site "https://www.chess.com"]
[Date "2023.12.05"]
[Round "1"]
[White "Bardyk, Artem"]
[Black "Davidson, Kevin"]
[Result "1/2-1/2"]
[Board "49"]
[TimeControl "180+1"]
[WhiteFideId "34349979"]
[BlackFideId "2056810"]
[WhiteElo "2867"]
[BlackElo "2434"]
[WhiteTeam "RUS"]
[BlackTeam "USA"]
[WhiteClock "0:00:02"]
[BlackClock "0:00:09"]

1. e4 c5 2. c3 d5 3. exd5 Qxd5 4. d4 Nc6 5. Nf3 Bg4 6. dxc5 Qxd1+ 7. Kxd1 e6 8. b4 a5 9. b5 Ne5 10. Be2 Bxf3 11. gxf3 Bxc5 12. f4 O-O-O+ 13. Kc2 Ng6 14. h4 Nf6 15. h5 Ne7 16. Nd2 Ned5 17. Nb3 Bb6 18. a4 Kb8 19. c4 Nb4+ 20. Kb1 Bd4 21. Nxd4 Rxd4 22. h6 Ne4 23. Bb2 Nd2+ 24. Kc1 Nb3+ 25. Kb1 Nd2+ 26. Kc1 Nb3+ 27. Kb1 Nd2+ 1/2-1/2

[Event "December 5 Late 2023"]
[Site "https://www.chess.com"]
[Date "2023.12.05"]
[Round "1"]
[White "Gatterer, Florian"]
[Black "Margvelashvili, Giorgi"]
[Result "0-1"]
[Board "50"]
[TimeControl "180+1"]
[WhiteFideId "811688"]
[BlackFideId "13602926"]
[WhiteElo "2430"]
[BlackElo "2859"]
[WhiteTeam "ITA"]
[BlackTeam "GEO"]
[WhiteClock "0:00:00"]
[BlackClock "0:00:23"]

1. d4 Nf6 2. Nf3 e6 3. Bf4 c5 4. e3 Nc6 5. Nbd2 d5 6. c3 cxd4 7. exd4 Nh5 8. Be3 Bd6 9. Ne5 g6 10. Bb5 Bd7 11. Nxd7 Qxd7 12. Nf3 a6 13. Ba4 b5 14. Bc2 O-O 15. g3 b4 16. O-O bxc3 17. bxc3 Na5 18. Ne5 Qc7 19. Rc1 Bxe5 20. dxe5 Qxe5 21. Bd4 Qc7 22. Qe2 Nc6 23. Be3 Rfe8 24. Ba4 Rec8 25. c4 d4 26. Bxc6 Qxc6 27. Bxd4 f6 28. Rfe1 e5 29. Ba1 Ng7 30. g4 Ne6 31. Qe3 Rd8 32. h4 Nf4 33. Qe4 Qd7 34. Qf3 Rac8 35. Rcd1 Qf7 36. Rxd8+ Rxd8 37. g5 fxg5 38. hxg5 Rf8 39. Bxe5 Nh3+ 40. Qxh3 Qxf2+ 41. Kh1 Qxe1+ 42. Kh2 Qxe5+ 0-1

[Event "December 5 Late 2023"]
[Site "https://www.chess.com"]
[Date "2023.12.05"]
[Round "1"]
[White "Gokerkan, Cem Kaan"]
[Black "Nilsson, Joakim"]
[Result "1-0"]
[Board "51"]
[TimeControl "180+1"]
[WhiteFideId "6336760"]
[BlackFideId "1723383"]
[WhiteElo "2859"]
[BlackElo "2430"]
[WhiteTeam "TUR"]
[BlackTeam "SWE"]
[WhiteClock "0:00:26"]
[BlackClock "0:00:26"]

1. e4 c5 2. c3 d5 3. exd5 Qxd5 4. d4 Nc6 5. Nf3 Bg4 6. Be2 cxd4 7. cxd4 e6 8. Nc3 Bb4 9. O-O Qa5 10. h3 Bxf3 11. Bxf3 Bxc3 12. bxc3 Nge7 13. Rb1 Qc7 14. Qb3 Rb8 15. g3 O-O 16. Re1 Ng6 17. h4 Na5 18. Qb4 Rbc8 19. h5 Ne7 20. Re3 h6 21. Rd3 b6 22. Be4 Nd5 23. Bxd5 exd5 24. Rf3 Qd7 25. Kg2 Rfe8 26. Be3 Nc4 27. Bf4 Qf5 28. Rh1 Qc2 29. Qb5 Rcd8 30. Bc7 Nd2 31. Bxd8 Qe4 32. Qd3 Qxf3+ 33. Qxf3 Nxf3 34. Kxf3 Rxd8 35. Ke3 Kf8 36. Kd3 Rc8 37. Re1 f6 38. Rb1 Ke7 39. a4 Kd6 40. a5 Kc6 41. axb6 axb6 42. Re1 Kd6 43. Ra1 Rc7 44. Ra6 Kc6 45. Ra8 Re7 46. Rg8 Ra7 47. Ke3 Kd6 48. Rb8 Kc6 49. Rc8+ Kd6 50. Rg8 Rc7 51. Kd3 Kc6 52. Rb8 Kd6 53. Rxb6+ Rc6 54. Rxc6+ Kxc6 55. c4 Kd6 56. c5+ Kc6 57. g4 Kb5 58. Ke3 Kc6 59. Kf4 Kd7 60. Kf5 Ke7 61. Kg6 Kf8 62. c6 Ke7 63. Kxg7 Kd6 64. Kxf6 Kxc6 65. g5 Kb5 66. gxh6 Kc4 67. h7 Kxd4 68. h8=Q Kc4 69. Ke5 1-0

[Event "December 5 Late 2023"]
[Site "https://www.chess.com"]
[Date "2023.12.05"]
[Round "1"]
[White "Della Morte, German"]
[Black "Kazakouski, Valery"]
[Result "0-1"]
[Board "52"]
[TimeControl "180+1"]
[WhiteFideId "113522"]
[BlackFideId "13507443"]
[WhiteElo "2421"]
[BlackElo "2850"]
[WhiteTeam "ARG"]
[BlackTeam "LTU"]
[WhiteClock "0:02:41"]
[BlackClock "0:01:18"]

1. e4 c5 2. Nc3 Nc6 3. g3 g6 4. Bg2 Bg7 5. d3 d6 6. f4 Rb8 7. Nf3 b5 8. O-O e6 9. Rb1 Nge7 10. Be3 Nd4 11. Ne2 Nxf3+ 12. Bxf3 O-O 13. c3 Qc7 14. d4 cxd4 15. Bxd4 e5 16. Be3 Be6 17. a3 a5 18. g4 exf4 19. Nxf4 Bc4 20. Re1 b4 21. cxb4 axb4 22. Rc1 Bxb2 23. Rc2 bxa3 24. Be2 Bxe2 25. Qxe2 Qb7 26. Qd3 a2 27. Bd4 a1=Q 28. Rxa1 Bxa1 29. Bxa1 Qb1+ 0-1

[Event "December 5 Late 2023"]
[Site "https://www.chess.com"]
[Date "2023.12.05"]
[Round "1"]
[White "Janik, Igor"]
[Black "Play, Gilles"]
[Result "1-0"]
[Board "53"]
[TimeControl "180+1"]
[WhiteFideId "1159259"]
[BlackFideId "45130892"]
[WhiteElo "2849"]
[BlackElo "2420"]
[WhiteTeam "POL"]
[BlackTeam "FRA"]
[WhiteClock "0:01:33"]
[BlackClock "0:00:07"]

1. Nf3 c5 2. e3 Nf6 3. b3 b6 4. Bb2 Bb7 5. Be2 e6 6. O-O Be7 7. d4 O-O 8. Nbd2 d6 9. a4 a6 10. Nc4 b5 11. axb5 axb5 12. Na3 b4 13. Nc4 d5 14. Nce5 Ne4 15. Rxa8 Bxa8 16. Qa1 Bb7 17. dxc5 Bxc5 18. Nd3 f6 19. Nd4 Qc8 20. Nxc5 Nxc5 21. Qa5 e5 22. Nb5 Ne4 23. Bd3 Nd2 24. Rd1 Nc6 25. Qb6 Ne4 26. f3 Ng5 27. Nd6 Qd7 28. Nxb7 e4 29. Bc4 exf3 30. Rxd5 f2+ 31. Kf1 1-0

[Event "December 5 Late 2023"]
[Site "https://www.chess.com"]
[Date "2023.12.05"]
[Round "1"]
[White "Haraguchi, Diego Sashaki"]
[Black "Mikaelyan, Arman"]
[Result "0-1"]
[Board "54"]
[TimeControl "180+1"]
[WhiteFideId "22729925"]
[BlackFideId "13304852"]
[WhiteElo "2418"]
[BlackElo "2848"]
[WhiteTeam "BRA"]
[BlackTeam "ARM"]
[WhiteClock "0:00:09"]
[BlackClock "0:01:53"]

1. d4 Nf6 2. c4 d6 3. Nc3 e6 4. e4 Be7 5. Be3 O-O 6. Be2 Nc6 7. Qd2 a6 8. g4 Rb8 9. g5 Nd7 10. f4 e5 11. dxe5 dxe5 12. f5 Nd4 13. Nf3 Bc5 14. Nxd4 exd4 15. Bxd4 Bxd4 16. Qxd4 Qxg5 17. Rg1 Qh4+ 18. Qf2 Qh6 19. Nd5 Kh8 20. Qf4 Qxf4 21. Nxf4 Ne5 22. O-O-O Bd7 23. Nh5 g6 24. Nf6 Bc6 25. Nd5 Bxd5 26. Rxd5 f6 27. Rgd1 Kg7 28. b4 Rfe8 29. Kb2 Re7 30. Kc3 Rbe8 31. c5 g5 32. h4 gxh4 33. Rh1 Nf7 34. Bd3 Ng5 35. Rxh4 Re5 36. Rd7+ R8e7 37. Rxe7+ Rxe7 38. Kd4 Nf3+ 0-1

[Event "December 5 Late 2023"]
[Site "https://www.chess.com"]
[Date "2023.12.05"]
[Round "1"]
[White "Gledura, Benjamin"]
[Black "Federzoni, Enzo"]
[Result "1-0"]
[Board "55"]
[TimeControl "180+1"]
[WhiteFideId "712779"]
[BlackFideId "2173301"]
[WhiteElo "2847"]
[BlackElo "2416"]
[WhiteTeam "HUN"]
[BlackTeam "BRA"]
[WhiteClock "0:00:45"]
[BlackClock "0:00:19"]

1. Nf3 Nf6 2. e3 g6 3. b3 Bg7 4. Bb2 c5 5. c4 O-O 6. g3 b6 7. Bg2 Bb7 8. O-O d5 9. cxd5 Qxd5 10. Nc3 Qd7 11. d4 cxd4 12. Qxd4 Qxd4 13. Nxd4 Bxg2 14. Kxg2 Nbd7 15. Nc6 e6 16. Rfd1 Nc5 17. Rac1 Rfe8 18. b4 Nce4 19. Nxe4 Nxe4 20. Bxg7 Kxg7 21. Rd7 Nf6 22. Rb7 Rec8 23. b5 a6 24. a4 axb5 25. axb5 Nd5 26. e4 Rc7 27. Rxc7 Nxc7 28. Nd4 Ra7 29. Rc6 Rb7 30. f4 Kf8 31. Kf3 Ke8 32. Rd6 Ke7 33. e5 Ne8 34. Nc6+ Kf8 35. Rd8 Rc7 36. g4 Rb7 37. h4 f6 38. g5 fxg5 39. hxg5 Kf7 40. Ke4 Ng7 41. Rh8 Rc7 42. Rxh7 Kg8 43. Rh6 Kf7 44. Rh8 Nf5 45. Nd8+ Kg7 46. Nxe6+ Kxh8 47. Nxc7 Kg7 48. Nd5 Kf7 49. Nxb6 Ke6 50. Nc4 1-0

[Event "December 5 Late 2023"]
[Site "https://www.chess.com"]
[Date "2023.12.05"]
[Round "1"]
[White "Balla, Tamas-Kristof"]
[Black "Shuvalova, Polina"]
[Result "0-1"]
[Board "56"]
[TimeControl "180+1"]
[WhiteFideId "1208497"]
[BlackFideId "24171760"]
[WhiteElo "2414"]
[BlackElo "2844"]
[WhiteTeam "ROU"]
[BlackTeam "RUS"]
[WhiteClock "0:00:12"]
[BlackClock "0:00:13"]

1. e4 c6 2. d4 d5 3. exd5 cxd5 4. c4 Nf6 5. Nc3 g6 6. Qb3 Bg7 7. cxd5 O-O 8. g3 e6 9. Bg2 Re8 10. Nge2 exd5 11. O-O Nc6 12. Be3 Na5 13. Qc2 Nc4 14. Bg5 Bf5 15. Qb3 Na5 16. Qa4 Bd7 17. Qc2 Be6 18. Nf4 h6 19. Nxe6 Rxe6 20. Bf4 Nc6 21. Rad1 Rc8 22. Rfe1 Rxe1+ 23. Rxe1 Nxd4 24. Qd3 Ne6 25. Be5 d4 26. Nb5 Ng4 27. Bxg7 Kxg7 28. h3 Nf6 29. Nxa7 Ra8 30. Nb5 Rxa2 31. Qb3 Qa5 32. Rd1 d3 33. Nd6 Ra1 34. Qxd3 Rxd1+ 35. Qxd1 b6 36. Nc4 Qc5 37. Qb3 Nd4 38. Qd3 b5 39. Ne3 b4 40. Qc4 Qb6 41. Nd5 Nxd5 42. Bxd5 Qf6 43. Qxb4 Qe5 44. Bg2 Ne2+ 45. Kh2 Qf6 46. Qe4 Qxf2 47. b4 Qxg3+ 48. Kh1 Qe1+ 49. Kh2 Qg1# 0-1

[Event "December 5 Late 2023"]
[Site "https://www.chess.com"]
[Date "2023.12.05"]
[Round "1"]
[White "Mekhitarian, Krikor Sevag"]
[Black "Skaric, Djuro"]
[Result "1-0"]
[Board "57"]
[TimeControl "180+1"]
[WhiteFideId "2107660"]
[BlackFideId "934569"]
[WhiteElo "2844"]
[BlackElo "2414"]
[WhiteTeam "BRA"]
[BlackTeam "SRB"]
[WhiteClock "0:00:36"]
[BlackClock "0:00:37"]

1. Nf3 d6 2. d4 g6 3. c4 Bg7 4. e4 Nf6 5. Nc3 O-O 6. h3 Nc6 7. d5 Ne5 8. Nxe5 dxe5 9. Be2 Ne8 10. O-O f5 11. c5 h6 12. b4 Nf6 13. a4 Kh7 14. b5 fxe4 15. Be3 b6 16. a5 Bf5 17. Qb3 Nd7 18. c6 Nc5 19. Qc4 e6 20. Bxc5 exd5 21. Qxd5 Qxd5 22. Nxd5 bxc5 23. Nxc7 Rab8 24. Nd5 Be6 25. Rfd1 Rfc8 26. Bc4 Kh8 27. Rab1 Bf8 28. Ne3 Re8 29. b6 axb6 30. axb6 Bc8 31. c7 Rb7 32. Rd8 1-0

[Event "December 5 Late 2023"]
[Site "https://www.chess.com"]
[Date "2023.12.05"]
[Round "1"]
[White "Blanco Diez, David"]
[Black "Livaic, Leon"]
[Result "0-1"]
[Board "58"]
[TimeControl "180+1"]
[WhiteFideId "32032927"]
[BlackFideId "14531534"]
[WhiteElo "2413"]
[BlackElo "2838"]
[WhiteTeam "ESP"]
[BlackTeam "CRO"]
[WhiteClock "0:00:01"]
[BlackClock "0:00:08"]

1. e4 c5 2. Nf3 d6 3. d4 cxd4 4. Nxd4 Nf6 5. Nc3 a6 6. Rg1 g6 7. g4 Bg7 8. g5 Nh5 9. Be2 Nc6 10. Nxc6 bxc6 11. Bxh5 gxh5 12. Qxh5 Rb8 13. Qf3 Qa5 14. h4 O-O 15. h5 Be6 16. Qe3 Rb4 17. Bd2 Rxb2 18. Nd1 Qb5 19. Nxb2 Qxb2 20. Rd1 Qxc2 21. h6 Bh8 22. Ke2 Qc4+ 23. Kf3 d5 24. Rc1 Qxa2 25. Bc3 dxe4+ 26. Kg2 Qd5 27. Bxh8 Kxh8 28. Qc3+ f6 29. gxf6 Rxf6 30. Kf1 Qb5+ 31. Ke1 Qf5 32. Qg3 Rg6 33. Qb8+ Bg8 34. Rxg6 hxg6 35. Qg3 Kh7 36. Qe3 Bd5 37. Rc3 Qh5 38. Rc1 Qxh6 39. Qxh6+ Kxh6 40. Ra1 Bc4 41. Rd1 Bd3 42. Rc1 Bb5 43. Rd1 Kg5 44. Rd4 Kf5 45. Rd7 e5 46. Rc7 g5 47. Kd2 g4 48. Ke3 a5 49. Ra7 a4 50. Rc7 Ke6 51. Rg7 Kd5 52. Rxg4 a3 53. Rg1 Kc4 54. Rc1+ Kb3 55. Kxe4 a2 56. Kxe5 Kb2 57. Re1 Bd3 58. f4 c5 59. f5 c4 60. f6 Bg6 61. Kd4 c3 62. Ra1 Kxa1 63. Kxc3 Kb1 64. f7 Bxf7 65. Kd2 a1=Q 66. Ke3 Qe5+ 0-1

[Event "December 5 Late 2023"]
[Site "https://www.chess.com"]
[Date "2023.12.05"]
[Round "1"]
[White "Mikhailovsky, Vladimir"]
[Black "Arnold, Ken"]
[Result "0-1"]
[Board "59"]
[TimeControl "180+1"]
[WhiteFideId "34105414"]
[BlackFideId "2056836"]
[WhiteElo "2837"]
[BlackElo "2413"]
[WhiteTeam "RUS"]
[BlackTeam "USA"]
[WhiteClock "0:00:00"]
[BlackClock "0:00:44"]

1. d4 Nf6 2. c4 e6 3. Nc3 Bb4 4. e3 b6 5. Bd3 Bb7 6. Ne2 d5 7. cxd5 Bxc3+ 8. bxc3 Nxd5 9. O-O O-O 10. e4 Ne7 11. Bg5 h6 12. Bh4 Qd7 13. f3 Ba6 14. c4 Ng6 15. Bf2 Nc6 16. Qa4 Nce5 17. Qxd7 Nxd7 18. Rfd1 Rfd8 19. Nc3 c5 20. Bf1 cxd4 21. Rxd4 Nde5 22. Rad1 Rxd4 23. Rxd4 Rc8 24. Nb5 Bxb5 25. cxb5 Rc2 26. Ra4 Nf4 27. Rxa7 Ned3 28. Be3 Ne2+ 29. Bxe2 Rxe2 30. Ra8+ Kh7 31. Bf2 Rxf2 0-1

[Event "December 5 Late 2023"]
[Site "https://www.chess.com"]
[Date "2023.12.05"]
[Round "1"]
[White "Zimmermann, Ulrich"]
[Black "Rustemov, Alexander"]
[Result "0-1"]
[Board "60"]
[TimeControl "180+1"]
[WhiteFideId "24654523"]
[BlackFideId "4119002"]
[WhiteElo "2413"]
[BlackElo "2831"]
[WhiteTeam "GER"]
[BlackTeam "RUS"]
[WhiteClock "0:00:44"]
[BlackClock "0:01:30"]

1. Nf3 d5 2. g3 c6 3. Bg2 Bf5 4. O-O e6 5. d3 h6 6. Nbd2 Nf6 7. Qe1 Bh7 8. e4 Be7 9. a4 a5 10. Qe2 Na6 11. Ne5 Qc7 12. f4 O-O 13. h3 Nd7 14. Nef3 dxe4 15. dxe4 Ndc5 16. Ne5 Rad8 17. c3 f6 18. Nec4 Nd3 19. Kh2 Nac5 20. h4 Ra8 21. Bh3 Kh8 22. b3 b5 23. axb5 cxb5 24. Ne3 b4 25. cxb4 axb4 26. Rxa8 Rxa8 27. Nec4 Ra2 28. Qd1 Nxe4 29. Bg2 Nxc1 30. Qxc1 Nxd2 31. Nxd2 Qxc1 32. Rxc1 Rxd2 33. Rc8+ Bd8 0-1

[Event "December 5 Late 2023"]
[Site "https://www.chess.com"]
[Date "2023.12.05"]
[Round "1"]
[White "Bordi, Kevin"]
[Black "Bochnicka, Vladimir"]
[Result "1-0"]
[Board "61"]
[TimeControl "180+1"]
[WhiteFideId "621862"]
[BlackFideId "14943450"]
[WhiteElo "2828"]
[BlackElo "2412"]
[WhiteTeam "MNC"]
[BlackTeam "SVK"]
[WhiteClock "0:00:08"]
[BlackClock "0:00:02"]

1. e4 c5 2. Nf3 Nc6 3. Bc4 e6 4. O-O Be7 5. Re1 d5 6. Bb5 Nf6 7. exd5 exd5 8. d4 O-O 9. dxc5 Bxc5 10. Be3 Bxe3 11. Rxe3 Qb6 12. Bxc6 bxc6 13. Rb3 Qc7 14. c4 dxc4 15. Rc3 Be6 16. Nbd2 Rad8 17. Qc2 Rfe8 18. h3 Bd5 19. Nxc4 Be4 20. Qa4 Nd5 21. Ra3 Re7 22. Ncd2 Bf5 23. Rc1 Nf4 24. Rxc6 Qb8 25. Rb3 Rb7 26. Rxb7 Qxb7 27. Qxf4 Qxc6 28. Qxf5 Qc1+ 29. Kh2 g6 30. Qg5 Rc8 31. Qf6 Qc2 32. Ng5 Rc7 33. Qd8+ Kg7 34. Qd4+ Kg8 35. Nde4 h6 36. Nf6+ Kf8 37. Nfh7+ Kg8 38. Qd8+ Kg7 39. Qf8# 1-0

[Event "December 5 Late 2023"]
[Site "https://www.chess.com"]
[Date "2023.12.05"]
[Round "1"]
[White "Bogaudinov, Rushan"]
[Black "Yanchenko, Roman"]
[Result "1-0"]
[Board "62"]
[TimeControl "180+1"]
[WhiteFideId "4129288"]
[BlackFideId "4137329"]
[WhiteElo "2411"]
[BlackElo "2827"]
[WhiteTeam "RUS"]
[BlackTeam "RUS"]
[WhiteClock "0:00:12"]
[BlackClock "0:00:03"]

1. d4 d5 2. Nf3 Nf6 3. e3 Bf5 4. Be2 e6 5. O-O c5 6. a3 Nc6 7. c4 dxc4 8. Bxc4 a6 9. Nc3 cxd4 10. exd4 b5 11. Be2 Be7 12. Be3 O-O 13. Nh4 Be4 14. Nxe4 Nxe4 15. Nf3 Qd5 16. Rc1 Rac8 17. Bd3 f5 18. Bxe4 fxe4 19. Ne5 Nxe5 20. dxe5 Qxe5 21. Rxc8 Rxc8 22. Bd4 Qf5 23. Qb3 Qd5 24. Qh3 Rc2 25. Bc3 Bc5 26. Qg4 Bxf2+ 27. Kh1 Rxc3 28. bxc3 e3 29. Rd1 h5 30. Qe2 Qc4 31. Rd8+ Kf7 32. Qxh5+ g6 33. Qf3+ Ke7 34. Qf8# 1-0

[Event "December 5 Late 2023"]
[Site "https://www.chess.com"]
[Date "2023.12.05"]
[Round "1"]
[White "Yuan, Qingyu"]
[Black "Matthes, Aaron"]
[Result "1-0"]
[Board "63"]
[TimeControl "180+1"]
[WhiteFideId "8609772"]
[BlackFideId "16227310"]
[WhiteElo "2824"]
[BlackElo "2410"]
[WhiteTeam "CHN"]
[BlackTeam "GER"]
[WhiteClock "0:00:15"]
[BlackClock "0:00:27"]

1. e4 c6 2. d4 d5 3. exd5 cxd5 4. Bd3 Nf6 5. h3 Nc6 6. c3 g6 7. Nf3 Bg7 8. O-O O-O 9. Re1 Bf5 10. Bf1 Bxb1 11. Rxb1 e6 12. Bf4 a6 13. Bd3 b5 14. b4 Rc8 15. a4 Na7 16. Qd2 Qb6 17. Ra1 bxa4 18. Rxa4 Nb5 19. Rc1 Nd7 20. Bf1 Rc6 21. Ne1 Rfc8 22. Bxb5 axb5 23. Raa1 e5 24. dxe5 Nxe5 25. Be3 Nc4 26. Qd3 Nxe3 27. fxe3 Rxc3 28. Rxc3 Rxc3 29. Ra8+ Bf8 30. Qxc3 Qe6 31. Qc5 1-0

[Event "December 5 Late 2023"]
[Site "https://www.chess.com"]
[Date "2023.12.05"]
[Round "1"]
[White "Lopusiewicz, Piotr"]
[Black "Quesada Perez, Yasser"]
[Result "1-0"]
[Board "64"]
[TimeControl "180+1"]
[WhiteFideId "1116029"]
[BlackFideId "3509362"]
[WhiteElo "2410"]
[BlackElo "2824"]
[WhiteTeam "POL"]
[BlackTeam "CUB"]
[WhiteClock "0:00:08"]
[BlackClock "0:00:06"]

1. d4 Nf6 2. c4 e6 3. Nf3 Bb4+ 4. Bd2 Qe7 5. g3 O-O 6. Bg2 Nc6 7. O-O Bxd2 8. Qxd2 d6 9. Nc3 e5 10. dxe5 Nxe5 11. b3 h6 12. Rac1 a5 13. Rfd1 Ra6 14. Nd4 c6 15. e4 Bg4 16. Re1 Rd8 17. h3 Bc8 18. f4 Ng6 19. Qf2 Qf8 20. Rcd1 Ra8 21. g4 Nh7 22. Nf5 Be6 23. Ng3 Bc8 24. Qb2 Nh4 25. Nh5 Nxg2 26. Kxg2 g6 27. Ng3 Qe7 28. Nce2 a4 29. Ng1 Be6 30. f5 Bc8 31. e5 dxe5 32. Rxd8+ Qxd8 33. Qxe5 Bd7 34. fxg6 fxg6 35. Rd1 Nf8 36. Ne4 Nh7 37. Qd6 Qe8 38. Re1 Qf7 39. Nf3 Re8 40. Ne5 Qe6 41. Qxe6+ Bxe6 42. Nxg6 Bc8 43. Kf2 a3 44. Nd6 Rd8 45. Ne7+ Kg7 46. Nexc8 b5 47. Re7+ Kg6 48. Re6+ Kg7 49. Nf5+ Kg8 50. Ncd6 Ng5 51. Rg6+ Kf8 52. Rf6+ Kg8 53. Rxh6 Ra8 54. Rg6+ Kf8 55. Rxg5 bxc4 56. bxc4 Rb8 57. Rg6 Rb2+ 58. Ke3 Rxa2 59. Rf6+ Kg8 60. Rg6+ Kf8 61. Rf6+ Kg8 62. Ne7+ Kg7 63. Rf7+ Kh8 64. Ndf5 Ra1 65. Ng6+ Kg8 66. Rg7# 1-0

[Event "December 5 Late 2023"]
[Site "https://www.chess.com"]
[Date "2023.12.05"]
[Round "1"]
[White "Gadimbayli, Abdulla"]
[Black "Uryupin, Igor"]
[Result "1-0"]
[Board "65"]
[TimeControl "180+1"]
[WhiteFideId "13404938"]
[BlackFideId "4182529"]
[WhiteElo "2816"]
[BlackElo "2408"]
[WhiteTeam "AZE"]
[BlackTeam "RUS"]
[WhiteClock "0:00:25"]
[BlackClock "0:00:05"]

1. e4 e6 2. d4 d5 3. Nd2 Nc6 4. c3 e5 5. exd5 Qxd5 6. Ngf3 exd4 7. Bc4 Qh5 8. O-O Bd6 9. Ne4 Bg4 10. Nxd6+ cxd6 11. Qe1+ Nge7 12. Nxd4 O-O 13. Nxc6 Nxc6 14. Bf4 Ne5 15. Qe4 b6 16. Rfe1 Rae8 17. Qd4 Nxc4 18. Qxc4 Rxe1+ 19. Rxe1 Be6 20. Qa4 Qd5 21. a3 a5 22. Rd1 Qa2 23. Bxd6 Rd8 24. Be5 Rxd1+ 25. Qxd1 f6 26. Bc7 Qxb2 27. h3 Qxc3 28. Qd8+ Kf7 29. Bd6 Qe1+ 30. Kh2 Qxf2 31. Qe7+ Kg6 32. Qxe6 b5 33. Qe8+ Kh6 34. Qxb5 Qd2 35. Bg3 Qc3 36. a4 g5 37. Qe8 Qb4 38. Qe6 Kg7 39. Bd6 Qxa4 40. Qe7+ Kg6 41. Qf8 Qb4 42. Bxb4 1-0

[Event "December 5 Late 2023"]
[Site "https://www.chess.com"]
[Date "2023.12.05"]
[Round "1"]
[White "Zhou, Qiyu"]
[Black "Brodsky, David"]
[Result "0-1"]
[Board "66"]
[TimeControl "180+1"]
[WhiteFideId "505161"]
[BlackFideId "2073250"]
[WhiteElo "2407"]
[BlackElo "2804"]
[WhiteTeam "CAN"]
[BlackTeam "USA"]
[WhiteClock "0:00:47"]
[BlackClock "0:00:43"]

1. e4 c5 2. Nf3 d6 3. d4 cxd4 4. Nxd4 Nf6 5. Nc3 a6 6. Be3 e5 7. Nb3 Be7 8. h3 Be6 9. Qf3 O-O 10. O-O-O b5 11. g4 b4 12. Nd5 Nxd5 13. exd5 Bc8 14. Bd3 Qc7 15. Kb1 a5 16. Qe4 f5 17. gxf5 Bxf5 18. Qg2 Bxd3 19. Rxd3 a4 20. Nd2 Nd7 21. Rg1 Bf6 22. Ne4 Kh8 23. Bg5 Rac8 24. f3 Bxg5 25. Nxg5 Nc5 26. Re3 h6 27. Ne4 Nxe4 28. Rxe4 Rxf3 29. Rc4 Rf1+ 30. Rxf1 Qxc4 31. Rf7 Rg8 32. Re7 a3 33. Re6 Qd4 34. c3 Qd1# 0-1

[Event "December 5 Late 2023"]
[Site "https://www.chess.com"]
[Date "2023.12.05"]
[Round "1"]
[White "Hamidi, Amir Mohammad"]
[Black "Hoffmann, Asa"]
[Result "1-0"]
[Board "67"]
[TimeControl "180+1"]
[WhiteFideId "12563285"]
[BlackFideId "2001470"]
[WhiteElo "2803"]
[BlackElo "2405"]
[WhiteTeam "IRI"]
[BlackTeam "USA"]
[WhiteClock "0:01:15"]
[BlackClock "0:00:33"]

1. d4 Nf6 2. Nf3 d6 3. g3 c6 4. Bg2 Bf5 5. O-O Nbd7 6. c4 h6 7. Qb3 Qb6 8. Nc3 e5 9. h3 Be7 10. Be3 Qxb3 11. axb3 a6 12. Rfc1 O-O 13. g4 Bh7 14. Nd2 Rfe8 15. b4 Bf8 16. b5 exd4 17. Bxd4 axb5 18. Rxa8 Rxa8 19. cxb5 Rc8 20. bxc6 bxc6 21. Bxf6 Nxf6 22. Nde4 Nxe4 23. Bxe4 Bxe4 24. Nxe4 d5 25. Nc3 Rb8 26. Rc2 Bd6 27. e3 Be5 28. Nd1 Rb6 29. Kf1 Kf8 30. Ke2 Ke7 31. f4 Bf6 32. Kd2 Kd6 33. Kc1 c5 34. Rd2 Kc6 35. Kc2 Rb4 36. Re2 Rc4+ 37. Kb1 Rb4 38. Nf2 c4 39. Kc1 Rb3 40. Nd1 Kc5 41. Kc2 Rb7 42. Kc1 Rb3 43. Rc2 Rb7 44. Rh2 Re7 45. h4 Re4 46. g5 hxg5 47. hxg5 Bd8 48. Rh7 Ba5 49. Rxg7 d4 50. exd4+ Rxd4 51. Rxf7 Bd2+ 52. Kc2 Bxf4 53. Rf5+ Kb4 54. Nc3 Rd2+ 55. Kb1 Be3 56. Rb5# 1-0

[Event "December 5 Late 2023"]
[Site "https://www.chess.com"]
[Date "2023.12.05"]
[Round "1"]
[White "Buchenau, Frank"]
[Black "Holt, Conrad"]
[Result "0-1"]
[Board "68"]
[TimeControl "180+1"]
[WhiteFideId "4604350"]
[BlackFideId "2034387"]
[WhiteElo "2405"]
[BlackElo "2796"]
[WhiteTeam "GER"]
[BlackTeam "USA"]
[WhiteClock "0:00:00"]
[BlackClock "0:00:20"]

1. e4 e6 2. d4 d5 3. Nd2 c5 4. exd5 Qxd5 5. Ngf3 cxd4 6. Bc4 Qd6 7. O-O Nf6 8. Nb3 Nc6 9. Nbxd4 Nxd4 10. Qxd4 Bd7 11. Bf4 Qxd4 12. Nxd4 Rc8 13. Bb3 Bc5 14. Rad1 O-O 15. Nf3 Bb5 16. Rfe1 Ng4 17. Bg3 Rfd8 18. h3 Nf6 19. c4 Be8 20. Bc2 b5 21. cxb5 Bxb5 22. Rxd8+ Rxd8 23. Rd1 Rc8 24. Bd3 Bxd3 25. Rxd3 Ne4 26. Bh4 f6 27. Nd2 Nxd2 28. Rxd2 Bb6 29. Kf1 e5 30. Ke2 g5 31. Bg3 Kf7 32. f3 Ke6 33. Bf2 Ba5 34. b4 Bxb4 35. Rb2 a5 36. Be1 Bxe1 37. Kxe1 Rc3 38. Kd2 Ra3 39. Kc2 Kf5 40. Kb1 Kf4 41. Rb6 f5 42. Rh6 Kg3 43. Rxh7 Kxg2 44. Rg7 Rxf3 45. Rxg5+ Kxh3 46. Kb2 e4 0-1